 Dungeon Crawl Stone Soup version 0.25.0-11-g1f837a76a1 (webtiles) character file.

Game seed: 17519043886071133222

36904 Flugkiller the Unseen (level 13, -5/65 HPs)
             Began as a Spriggan Enchanter on June 27, 2020.
             Was a High Priest of Ashenzari.
             Slain by an eight-headed hydra (13 damage)
             ... on level 4 of the Swamp.
             The game lasted 01:05:11 (20640 turns).

Flugkiller the Unseen (Spriggan Enchanter)         Turns: 20640, Time: 01:05:12

Health: -5/65      AC:  2    Str:  4    XL:     13   Next: 55%
Magic:  13/21      EV: 38    Int: 18    God:    Ashenzari [*****.]
Gold:   1405       SH: 13    Dex: 33    Spells: 3/22 levels left

rFire    . . .     SeeInvis +   k - +2 dagger (speed)
rCold    + . .     Gourm    .   Q - +3 warlock's mirror {reflect} (curse)
rNeg     . . .     Faith    +   b - +0 robe
rPois    .         Spirit   .   (helmet restricted)
rElec    .         Reflect  +   p - scarf {rC+ rF+} (curse)
rCorr    .         Harm     .   (gloves unavailable)
MR       +++..     Clarity  +   (boots unavailable)
Stlth    +++++++++.             F - amulet of faith (curse)
HPRegen  0.20/turn              i - +6 ring of dexterity (curse)
MPRegen  0.17/turn              O - ring of Visakouts {rF- MR+ Int+2 Dex+5 Stlth+}

@: confusing touch, studying Ice Magic, very quick
A: very small, unfitting armour, see invisible, herbivore, speed 3, slow
metabolism 2
a: Curse Item, Scrying, Transfer Knowledge, Renounce Religion


You were on level 4 of the Swamp.
You worshipped Ashenzari.
Ashenzari was extremely pleased with you.
You were not hungry.

You visited 5 branches of the dungeon, and saw 28 of its levels.

You collected 1405 gold pieces.

Inventory:

Hand Weapons
 a - a +1 dagger
 k - a +2 dagger of speed (weapon)
   (You found it on level 5 of the Dungeon)
 x - a +5 double sword
   (You took it off Urug on level 11 of the Dungeon)
 N - a +1 dagger of venom
   (You took it off an orc sorcerer on level 2 of the Orcish Mines)
Missiles
 w - 6 curare-tipped darts (quivered)
 M - a throwing net
Armour
 b - a +0 robe (worn)
 p - a cursed scarf of resistance (worn)
   (You found it on level 5 of the Dungeon)
 Q - the cursed +3 warlock's mirror (worn) {reflect}
   (You acquired it on level 15 of the Dungeon)

   It has a curse placed upon it.
Jewellery
 i - a cursed +6 ring of dexterity (left hand)
   (You found it on level 2 of the Dungeon)
 o - a +6 ring of dexterity
   (You found it on level 4 of the Dungeon)
 C - an uncursed ring of ice
   (You found it on level 1 of the Lair of Beasts)
 E - an uncursed ring of fire
   (You found it on level 2 of the Lair of Beasts)
 F - a cursed amulet of faith (around neck)
   (You found it on level 3 of the Lair of Beasts)
 O - the ring of Visakouts (right hand) {rF- MR+ Int+2 Dex+5 Stlth+}
   (You found it on level 13 of the Dungeon)

   [ring of stealth]

   It affects your intelligence (+2).
   It affects your dexterity (+5).
   It makes you vulnerable to fire.
   It affects your resistance to hostile enchantments.
   It makes you more stealthy.
Wands
 m - a wand of clouds (10)
   (You found it on level 3 of the Dungeon)
 s - a wand of acid (7)
   (You found it on level 7 of the Dungeon)
 u - a wand of disintegration (12)
   (You found it on level 6 of the Dungeon)
 z - a wand of paralysis (11)
   (You found it on level 10 of the Dungeon)
 A - a wand of enslavement (3)
   (You found it on level 10 of the Dungeon)
 G - a wand of digging (5)
   (You found it on level 3 of the Lair of Beasts)
Scrolls
 c - 4 scrolls of enchant armour
 e - 6 scrolls of remove curse
 f - 3 scrolls of immolation
 l - a scroll of blinking
 q - 7 scrolls of teleportation
 t - 2 scrolls of magic mapping
 B - 2 scrolls of enchant weapon
 D - 5 scrolls of identify
 H - a scroll of vulnerability
 I - a scroll of torment
Potions
 g - 7 potions of curing
 h - 4 potions of flight
 j - 4 potions of brilliance
 n - 4 potions of stabbing
 r - 3 potions of lignification
 v - 2 potions of mutation
 J - a potion of heal wounds
 L - a potion of ambrosia
Books
 K - a manual of Ice Magic
   (You found it on level 6 of the Lair of Beasts)
Miscellaneous
 y - a lightning rod (2/4)
   (You found it on level 10 of the Dungeon)
 P - a phantom mirror
Comestibles
 d - 11 rations


   Skills:
 - Level 6.0 Fighting
 - Level 6.0 Short Blades
 - Level 16.0 Dodging
 + Level 20.6 Stealth
 + Level 2.2(4.3) Shields
 - Level 5.0 Spellcasting
 + Level 10.3(12.7) Hexes
 - Level 5.7(8.4) Translocations
 - Level 2.2(4.3) Ice Magic
 - Level 5.7(8.4) Evocations


You had 3 spell levels left.
You knew the following spells:

 Your Spells              Type           Power        Failure   Level  Hunger
a - Corona                Hex            ######.      1%          1    None
b - Ensorcelled Hibernat  Hex/Ice        #####.       1%          2    #......
c - Confusing Touch       Hex            ######..     1%          3    ##.....
d - Tukima's Dance        Hex            ######..     1%          3    ##.....
e - Passage of Golubria   Tloc           N/A          4%          4    ####...
f - Teleport Other        Tloc           ####....     1%          3    ##.....
q - Apportation           Tloc           ####..       1%          1    None
r - Blink                 Tloc           N/A          1%          2    #......

Your spell library contained the following spells:

 Spells                   Type           Power        Failure   Level  Hunger
 Gell's Gravitas          Tloc           ####......   1%          3    ##.....
 Lesser Beckoning         Tloc           ####......   1%          3    ##.....
 Dazzling Flash           Conj/Hex       ####..       3%          3    ##.....
 Shroud of Golubria       Chrm/Tloc      ###...       4%          2    #......
 Animate Skeleton         Necr           N/A          14%         1    None
 Pain                     Necr           #...         14%         1    None
 Summon Small Mammal      Summ           #...         14%         1    None
 Conjure Flame            Conj/Fire      #.......     38%         3    ##.....
 Mephitic Cloud           Conj/Pois/Air  #.......     38%         3    ##.....
 Stone Arrow              Conj/Erth      #.....       38%         3    ##.....
 Metabolic Englaciation   Hex/Ice        #####.....   14%         5    ######.
 Iskenderun's Mystic Bla  Conj/Tloc      ###.....     26%         4    ####...
 Ice Form                 Ice/Tmut       ##......     54%         4    ####...
 Excruciating Wounds      Chrm/Necr      #.........   98%         5    ######.
 Ozocubu's Refrigeration  Ice            ###.......   99%         6    #######
 Freezing Cloud           Conj/Ice/Air   ##........   100%        6    #######
 Simulacrum               Ice/Necr       ##........   100%        6    #######


Dungeon Overview and Level Annotations

Branches:
Dungeon (15/15)            Temple (1/1) D:4            Lair (6/6) D:11
  Swamp (4/4) Lair:3        Snake (0/4) Lair:4        Slime (0/5) Lair:6
    Orc (2/2) D:12            Elf (0/3) Orc:2        Depths (0/5) D:15
 Vaults: D:13-14

Altars:
Ashenzari
Cheibriados
Dithmenos
Elyvilon
Fedhas
Gozag
Hepliaklqana
Kikubaaqudgha
Makhleb
Nemelex Xobeh
Okawaru
Qazlal
Ru
Sif Muna
Trog
Uskayaw
Vehumet
Wu Jian
Xom
Yredelemnul
Zin
The Shining One
Beogh

Shops:
Orc:2 *?[(

Portals:
Ice
Cave: D:15

Annotations:
D:2 exclusions: centaur and goblin
D:5 Dowan, Duvessa
D:7 exclusions: 4 hogs and human
D:8 exclusion: 3 slaves, Pikel
D:10 exclusions: necrophage, vampire and 2 wolves, Grum, Snorg
D:15 Roxanne
Lair:1 exclusion: spiny frog
Lair:2 exclusion: spiny frog
Lair:3 swamp, exclusion: 3 elephants
Orc:1 Fannar


Innate Abilities, Weirdness & Mutations

You are very small and have problems with some larger weapons.
You are too small for most types of armour.
You have supernaturally acute eyesight. (SInv)
You are a herbivore.
You cover ground extremely quickly.
You need to consume almost no food.


Message History

Your cursed +3 warlock's mirror {reflect} reflects the harpoon shot!
The harpoon shot hits the swamp worm!
Unknown command.
Evoke which item? (* to show all) (? for menu, Esc to quit)
Aiming: Corrosive Bolt
Press: ? - help, Shift-Dir - straight line, f/p - eight-headed hydra
Aim: an eight-headed hydra (chance to confuse on hit: 37%)
The bolt of acid hits the eight-headed hydra!
The eight-headed hydra is splashed with acid!
The eight-headed hydra is moderately wounded.
The bolt of acid hits the swamp worm!!
The swamp worm is splashed with acid.
The swamp worm is almost dead.
Evoke which item? (* to show all) (? for menu, Esc to quit)
Aiming: Corrosive Bolt
Press: ? - help, Shift-Dir - straight line, f/p - eight-headed hydra
Aim: an eight-headed hydra (moderately wounded, chance to confuse on hit: 37%)
The bolt of acid hits the eight-headed hydra!
The eight-headed hydra is splashed with acid!
The acid corrodes the eight-headed hydra!
The eight-headed hydra is heavily wounded.
The bolt of acid misses the swamp worm.
The eight-headed hydra bites you!
* * * LOW HITPOINT WARNING * * *
The eight-headed hydra bites you.
* * * LOW HITPOINT WARNING * * *
You block the eight-headed hydra's attack.
The eight-headed hydra barely misses you.
You block the eight-headed hydra's attack.
The eight-headed hydra misses you.
The eight-headed hydra closely misses you.
You block the eight-headed hydra's attack.
Evoke which item? (* to show all) (? for menu, Esc to quit)
Aiming: Corrosive Bolt
Press: ? - help, Shift-Dir - straight line, f/p - eight-headed hydra
Aim: an eight-headed hydra (heavily wounded, covered in acid, chance to confuse on hit: 37%)
The bolt of acid hits the eight-headed hydra!
The eight-headed hydra is splashed with acid.
The eight-headed hydra seems to be corroded for longer.
The eight-headed hydra is severely wounded.
The bolt of acid hits the swamp worm!!
The swamp worm is splashed with acid.
The acid corrodes the swamp worm!
You kill the swamp worm!
The eight-headed hydra misses you.
You block the eight-headed hydra's attack.
The eight-headed hydra bites you.
* * * LOW HITPOINT WARNING * * *
The eight-headed hydra completely misses you.
The eight-headed hydra misses you.
The eight-headed hydra completely misses you. x2
The eight-headed hydra bites you!
You die...

* , ,≈...♣* * ≈, ≈ , ≈, * ,
≈..≈≈.♣♣♣♣ .≈♣≈., ..* * **,
≈.≈≈≈≈§≈.♣♣≈,... .≈** *≈
{..§≈≈≈≈≈≈..♣♣≈≈ .♣ ,
♣♣♣♣♣♣y..≈≈≈≈≈≈≈≈≈.♣ ♣♣≈ **
♣≈≈≈.y≈≈≈≈≈≈≈≈≈≈≈≈≈♣ ♣≈♣*
♣♣.y≈≈≈≈≈≈≈≈≈≈≈≈≈≈.♣♣♣≈♣♣♣♣♣
♣≈.≈≈≈t.≈..≈≈≈≈§≈.≈≈.≈.♣.≈♣
♣♣♣D....♣♣..≈@D≈≈...≈≈≈≈≈♣♣♣♣♣
*♣♣%≈≈....♣≈.≈♣♣♣≈≈♣♣.≈≈≈≈.♣≈≈.
≈..≈≈y≈.♣♣♣♣♣♣♣♣≈≈≈≈≈.≈≈≈≈♣≈.≈
♣...≈≈y≈...≈♣ ♣..≈≈≈≈.♣♣♣....≈.
♣♣♣§≈≈≈≈..≈.♣ ♣.≈≈≈≈§.≈*♣♣♣§.≈≈
♣♣.≈≈≈^.♣♣* ♣<.≈≈≈≈♣♣♣♣..≈≈≈≈
≈≈....≈≈≈.♣ ♣♣♣♣♣♣≈≈≈§≈≈≈≈≈≈≈
≈≈≈≈.(.≈≈≈≈♣ ♣♣.≈≈≈≈≈≈.≈.
**.≈..≈.≈≈≈.♣ ♣≈..<≈≈≈.♣♣


You could see an alligator and an eight-headed hydra (corroded).

Vanquished Creatures
  A catoblepas (D:13)
  3 hydras
  Harold (D:12)
  A ghost crab (Swamp:1)
  An alligator (Swamp:3)
  3 centaur warriors
  An orc high priest (Orc:1)
  Urug (D:11)
  An unseen horror (D:12)
  A wizard (D:15)
  A deep elf mage (D:14)
  2 orc sorcerers (Orc:2)
  2 manticores
  3 elephants (Lair:6)
  2 centaur zombies
  A guardian serpent (Lair:4)
  A torpor snail (Lair:3)
  11 spiny frogs
  A kobold demonologist (D:15)
  4 komodo dragons
  A freezing wraith (D:15)
  A troll (D:13)
  A tengu conjurer (D:15)
  2 polar bears (Lair:6)
  3 tyrant leeches
  5 blink frogs
  3 slime creatures (Swamp:2)
  A hornet (Swamp:2)
  4 bog bodies
  10 hippogriffs
  A wraith (D:14)
  2 shadows
  2 wyverns
  11 yaks
  A steam dragon (Lair:2)
  4 vampire mosquitoes
  3 wargs
  6 swamp worms
  2 water moccasins
  6 porcupines
  A black bear (D:7)
  13 orc warriors
  2 sky beasts
  An ice beast (D:11)
  An eye of draining (D:9)
  8 ogres
  14 wolves
  8 centaurs
  2 big kobolds
  5 crocodiles
  11 bullfrogs
  A water moccasin skeleton (D:7)
  4 scorpions
  3 killer bees (D:8)
  7 wights
  6 electric eels
  6 crimson imps
  A howler monkey (D:9)
  A bullfrog zombie (D:10)
  12 orc priests
  A jelly (D:7)
  18 orc wizards
  3 bullfrog skeletons
  5 hounds
  5 centaur skeletons
  2 iguanas
  7 worker ants
  A killer bee zombie (D:4)
  A hound skeleton (D:8)
  A howler monkey zombie (D:6)
  6 adders
  A shadow imp (D:8)
  2 oozes
  An adder skeleton (D:5)
  2 worms
  A leopard gecko (D:8)
  53 orcs
  A giant cockroach (D:2)
  5 goblins
  3 hobgoblins
  6 jackals
  4 quokkas
  3 bats
  A frilled lizard (D:2)
  A jackal skeleton (D:6)
  9 kobolds
  A quokka skeleton (D:4)
  A quokka zombie (D:5)
  4 rats
  A plant (Lair:3)
368 creatures vanquished.

Vanquished Creatures (collateral kills)
  A hydra (Swamp:2)
  2 blink frogs (Swamp:2)
  An orc warrior (Orc:1)
  A wight (D:15)
  2 orc wizards
  An orc (Orc:1)
8 creatures vanquished.

Vanquished Creatures (others)
  2 dancing weapons
  A yak (Lair:3)
  A swamp worm (Swamp:1)
  17 fungi
  11 plants
32 creatures vanquished.

Grand Total: 408 creatures vanquished

Notes
Turn   | Place    | Note
-------+----------+-------------------------------------------
     0 | D:1      | Flugkiller the Spriggan Enchanter began the quest for the
                  | Orb.
     0 | D:1      | Reached XP level 1. HP: 9/9 MP: 5/5
   297 | D:2      | Reached skill level 5 in Stealth
   346 | D:2      | Reached XP level 2. HP: 11/13 MP: 3/6
   358 | D:2      | Learned a level 2 spell: Ensorcelled Hibernation
   836 | D:2      | Noticed a centaur
  1169 | D:2      | Reached skill level 6 in Stealth
  1335 | D:2      | Reached XP level 3. HP: 12/16 MP: 5/8
  1643 | D:3      | Found an iron altar of Okawaru.
  1750 | D:3      | Found a snail-covered altar of Cheibriados.
  1793 | D:3      | Reached skill level 7 in Stealth
  2126 | D:4      | Noticed a scorpion
  2178 | D:4      | Found a staircase to the Ecumenical Temple.
  2187 | Temple   | Entered the Ecumenical Temple
  2192 | Temple   | Learned a level 3 spell: Confusing Touch
  2540 | Temple   | Became a worshipper of Ashenzari the Shackled
  3094 | D:3      | Reached XP level 4. HP: 11/21 MP: 2/9
  3107 | D:3      | Reached skill level 8 in Stealth
  3209 | D:4      | Reached XP level 5. HP: 16/24 MP: 3/11
  3371 | D:5      | Entered Level 5 of the Dungeon
  3726 | D:5      | Noticed Duvessa
  3726 | D:5      | Noticed Dowan
  3860 | D:5      | Reached skill level 5 in Hexes
  3910 | D:5      | Reached XP level 6. HP: 28/28 MP: 13/13
  4240 | D:5      | Learned a level 3 spell: Tukima's Dance
  4249 | D:6      | Found a shadowy altar of Dithmenos.
  4471 | D:6      | Reached * piety under Ashenzari
  4792 | D:7      | Reached XP level 7. HP: 23/32 MP: 9/14
  4921 | D:7      | Reached skill level 1 in Fighting
  5017 | D:7      | Noticed a hog
  5017 | D:7      | Noticed a hog
  5017 | D:7      | Noticed a human
  5017 | D:7      | Noticed a hog
  5018 | D:7      | Noticed a hog
  5644 | D:6      | Reached skill level 5 in Dodging
  5646 | D:6      | Reached XP level 8. HP: 38/39 MP: 2/15
  5843 | D:7      | Noticed a hippogriff
  5849 | D:7      | Killed a hippogriff
  5947 | D:7      | Found a white marble altar of Elyvilon.
  6016 | D:7      | Found a hazy altar of Hepliaklqana.
  6262 | D:8      | Noticed Pikel
  6626 | D:8      | Identified Beomeirph's Compendium of Destructive Unholy
                  | Rites
  6979 | D:9      | Reached skill level 10 in Dodging
  7017 | D:9      | Reached XP level 9. HP: 44/44 MP: 7/16
  7398 | D:9      | Reached ** piety under Ashenzari
  7413 | D:9      | Reached skill level 9 in Stealth
  7514 | D:10     | Entered Level 10 of the Dungeon
  7530 | D:10     | Noticed Snorg
  7551 | D:10     | Reached skill level 1 in Evocations
  8066 | D:10     | Noticed Grum
  8190 | D:10     | Reached skill level 10 in Stealth
  8382 | D:11     | Noticed Urug
  8384 | D:11     | Killed Urug
  8384 | D:11     | Reached skill level 12 in Stealth
  8384 | D:11     | Reached XP level 10. HP: 49/49 MP: 15/17
  8613 | D:11     | Reached skill level 13 in Stealth
  8734 | D:11     | Found a staircase to the Lair.
  8743 | Lair:1   | Entered Level 1 of the Lair of Beasts
  8800 | Lair:1   | Noticed a spiny frog
  8807 | Lair:1   | Killed a spiny frog
  8843 | Lair:1   | Reached skill level 14 in Stealth
  8991 | Lair:1   | Learned a level 1 spell: Apportation
  9128 | Lair:1   | Noticed a spiny frog
  9163 | Lair:2   | Reached skill level 1 in Translocations
  9195 | Lair:2   | Noticed a spiny frog
  9356 | Lair:2   | Reached *** piety under Ashenzari
  9455 | Lair:2   | Noticed an elephant
  9457 | Lair:2   | Noticed an elephant
  9481 | Lair:2   | Noticed an elephant
  9988 | Lair:4   | Reached skill level 5 in Spellcasting
 10021 | Lair:3   | Noticed an elephant
 10021 | Lair:3   | Noticed an elephant
 10022 | Lair:3   | Noticed an elephant
 10074 | Lair:3   | Noticed a six-headed hydra
 10089 | Lair:3   | Killed a six-headed hydra
 10089 | Lair:3   | Reached skill level 15 in Stealth
 10090 | Lair:3   | Reached XP level 11. HP: 52/53 MP: 19/19
 10367 | Lair:3   | Reached skill level 16 in Stealth
 10592 | Lair:3   | Found a blossoming altar of Fedhas.
 10712 | Lair:4   | Reached skill level 1 in Ice Magic
 10740 | Lair:4   | Reached **** piety under Ashenzari
 10886 | Lair:4   | Noticed a four-headed hydra
 10912 | Lair:4   | Found a staircase to the Snake Pit.
 10933 | Lair:4   | Reached skill level 17 in Stealth
 11319 | Lair:5   | Reached skill level 18 in Stealth
 11410 | Lair:6   | Entered Level 6 of the Lair of Beasts
 11493 | Lair:5   | Learned a level 2 spell: Blink
 11498 | Lair:5   | Learned a level 4 spell: Passage of Golubria
 11694 | Lair:6   | Reached skill level 19 in Stealth
 11910 | Lair:6   | Reached ***** piety under Ashenzari
 11963 | Lair:6   | Noticed a death yak
 11971 | Lair:6   | Noticed a death yak
 11973 | Lair:6   | Noticed a death yak
 12059 | Lair:6   | Noticed a lindwurm
 12060 | Lair:6   | Noticed a deep troll shaman
 12079 | Lair:6   | Noticed a death yak
 12079 | Lair:6   | Noticed a death yak
 12090 | Lair:6   | Reached XP level 12. HP: 33/58 MP: 10/20
 12091 | Lair:6   | Noticed a death yak
 12237 | Lair:6   | Noticed a catoblepas
 12237 | Lair:6   | Noticed a death yak
 12237 | Lair:6   | Noticed a death yak
 12255 | Lair:6   | Reached skill level 20 in Stealth
 12558 | Lair:6   | Found a staircase to the Slime Pits.
 12862 | D:12     | Found a staircase to the Orcish Mines.
 12915 | D:11     | Learned a level 3 spell: Teleport Other
 13937 | Orc:1    | Entered Level 1 of the Orcish Mines
 14058 | Orc:1    | Found a bloodstained altar of Trog.
 14148 | Orc:1    | Noticed Harold
 14192 | Orc:1    | Reached skill level 5 in Fighting
 14202 | Orc:1    | Noticed Fannar
 14525 | Orc:1    | HP: 2/60 [ogre/cursed -3 giant spiked club (22)]
 15385 | D:12     | Killed Harold
 15555 | Orc:2    | Entered Level 2 of the Orcish Mines
 15653 | Orc:2    | Found a staircase to the Elven Halls.
 15659 | Orc:2    | Noticed an orc high priest
 16161 | Orc:1    | Killed an orc high priest
 16273 | Orc:2    | Found a roughly hewn altar of Beogh.
 16382 | Orc:2    | Noticed an orc high priest
 16402 | Orc:2    | Noticed an orc high priest
 16402 | Orc:2    | Found Pehor's Antique Weapon Shop.
 16422 | Orc:2    | Found Nyudoro's General Store.
 16434 | Orc:2    | Noticed an orc high priest
 16437 | Orc:2    | Found Toryhaes's Antique Armour Emporium.
 16437 | Orc:2    | Found Zasepnigi's Magic Scroll Emporium.
 16913 | D:13     | Noticed a catoblepas
 16914 | D:13     | Killed a catoblepas
 16921 | D:13     | Reached skill level 15 in Dodging
 16986 | D:13     | Noticed an eight-headed hydra
 17040 | D:13     | Identified the ring of Visakouts {rF- MR+ Int+2 Dex+5
                  | Stlth+}
 17160 | D:13     | Noticed a centaur warrior
 17170 | D:13     | Killed a centaur warrior
 17407 | D:14     | Noticed a centaur warrior
 17407 | D:14     | Noticed a two-headed ogre
 17433 | D:14     | Killed a centaur warrior
 17616 | D:14     | Reached XP level 13. HP: 65/65 MP: 19/21
 17897 | D:15     | Entered Level 15 of the Dungeon
 17900 | D:15     | Found a frozen archway.
 18127 | D:15     | Identified Roxanne's Volume of Shape Shifting
 18127 | D:15     | Noticed Roxanne
 18234 | D:15     | Found a staircase to the Depths.
 18470 | D:15     | Identified a scroll of acquirement
 18472 | D:15     | Found the cursed +3 warlock's mirror {reflect}
 18472 | D:15     | Got the cursed +3 warlock's mirror {reflect}
 18924 | Lair:3   | Found a staircase to the Swamp.
 18933 | Lair:3   | Reached skill level 5 in Translocations
 18986 | Swamp:1  | Entered Level 1 of the Swamp
 19289 | Swamp:1  | Reached skill level 5 in Short Blades
 19394 | Swamp:2  | Reached skill level 1 in Shields
 19430 | Swamp:2  | Reached skill level 5 in Evocations
 19859 | Swamp:2  | Reached skill level 10 in Hexes
 20334 | Swamp:4  | Entered Level 4 of the Swamp
 20640 | Swamp:4  | Slain by an eight-headed hydra

Illustrated notes

Levels and vault maps discovered:
D:1:      giann_horns, layout_loops_corners
D:2:      layout_basic, wander_ebering_terrifying_dragon_lair
D:3:      layout_loops_ring, cheibriados_altar_1, minivault_23,
          okawaru_gym_becter
D:4:      layout_cave_pools, temple_fountains
D:5:      layout_basic, first_ration, minivault_27, uniq_duvessa
D:6:      layout_loops_ring, grunt_dithmenos_smoke_and_mirrors,
          lightli_temple_of_fire, minmay_bent
D:7:      layout_rooms, lemuel_coloured_pillars_altar,
          nicolae_overflow_crystal_walls, grunt_livestock, kennysheep_nub
D:8:      layout_loops_ring, nrook_campfire, uniq_pikel
D:9:      layout_basic, uniq_maggie
D:10:     layout_basic, kennysheep_boxes, uniq_grum, uniq_snorg
D:11:     layout_basic, lair_entry_dummy, uniq_maurice, uniq_urug
D:12:     layout_loops_ring, david_orc_3, drop_trap
D:13:     layout_roguey, lightli_vaults_fourway_checkpoint
D:14:     cheibrodos_breeding_chamber, layout_basic, minmay_misc_feat_x,
          nooodl_orcs_dogs
D:15:     hangedman_depths_entry_try_elsewhere_first, layout_gridville,
          grunt_decor_arrowhead, portal_ice_cave_entry_imps,
          lemuel_flamethrower_2, uniq_azrael, uniq_roxanne
Temple:   minmay_crystal_spiral_temple
Lair:1:   layout_misc_corridors
Lair:2:   layout_cave_pods
Lair:3:   layout_roguey, nicolae_swamp_entry_splash_gauntlet, tgw_fedhas
Lair:4:   layout_regular_city, minmay_snake_entry_spellcaster, serial_rivers,
          chequers_serial_rivers_large_b, chequers_serial_rivers_micro_b,
          chequers_serial_rivers_micro_e, chequers_serial_rivers_marsh,
          serial_bayou_lagoon_a
Lair:5:   layout_roguey, serial_bayou_shore_a
Lair:6:   grunt_lair_end_beastmaster, layout_regular_city,
          minmay_slime_entry_pillars
Swamp:1:  layout_falls_marsh, hangedman_swamp_pad, swamp_pool2,
          roderic_carrion_pond
Swamp:2:  layout_falls_marsh, nicolae_swamp_treefoil
Swamp:3:  layout_basic_swamp, nicolae_swamp_triple_paths, water_boxes_lemuel
Swamp:4:  swamp, layout_basic_swamp, gammafunk_ghost_grave
Orc:1:    nicolae_orc_accident_3, layout_diamond_mine,
          nicolae_volcano_entry_hallway, trog_butcher_becter, uniq_harold,
          uniq_fannar
Orc:2:    st_orc_elflike, layout_diamond_mine, basic_altar,
          nicolae_orc_stony_grotto

Skill      XL: |  1  2  3  4  5  6  7  8  9 10 11 12 13 |
---------------+----------------------------------------+-----
Stealth        | 5 6 7 8 12 15 19 20 | 20.6
Spellcasting   | 3 4 5 |  5.0
Hexes          | 4 5 7 8 9 10 | 10.3
Fighting       | 2 3 4 6 |  6.0
Short Blades   | 3 4 6 |  6.0
Dodging        | 5 10 12 16 | 16.0
Evocations     | 4 5 |  5.7
Translocations | 3 5 |  5.7
Ice Magic      | 1 2 |  2.2
Shields        | 2 |  2.2

Action                   |  1- 3 |  4- 6 |  7- 9 | 10-12 | 13-15 || total
-------------------------+-------+-------+-------+-------+-------++-------
Melee: Dagger            |   115 |    67 |   218 |   564 |   134 ||  1098
Throw: Dart              |       |       |       |     3 |       ||     3
 Cast: Corona            |    12 |       |       |       |     1 ||    13
       Ensorcelled Hiber |    25 |    20 |    68 |   209 |    50 ||   372
       Confusing Touch   |     1 |     5 |     7 |    13 |    13 ||    39
       Tukima's Dance    |       |       |     2 |    15 |     6 ||    23
       Passage of Golubr |       |       |       |     5 |     1 ||     6
       Teleport Other    |       |       |       |     2 |     3 ||     5
       Apportation       |       |       |       |     2 |       ||     2
       Blink             |       |       |       |       |     4 ||     4
Invok: Curse Item        |     2 |     1 |     1 |     1 |       ||     5
       Scrying           |       |       |       |    11 |     3 ||    14
Evoke: Wand              |       |       |     4 |     8 |    13 ||    25
       Lightning rod     |       |       |       |       |     3 ||     3
  Use: Potion            |       |     3 |       |       |     1 ||     4
       Scroll            |       |     2 |    10 |     6 |     5 ||    23
 Stab: Sleeping          |    22 |    14 |    51 |   141 |    32 ||   260
       Confused          |       |     5 |     9 |    15 |     9 ||    38
       Distracted        |       |       |     2 |     5 |     2 ||     9
       Paralysed         |       |       |       |       |     1 ||     1
  Eat: Ration            |     1 |     2 |     3 |     9 |     2 ||    17
Armor: Robe              |     8 |     3 |     3 |    12 |     2 ||    28
Dodge: Dodged            |   132 |    63 |   123 |   595 |   223 ||  1136
Block: Buckler           |       |       |       |       |    69 ||    69
       Reflection        |       |       |       |       |     9 ||     9
